 Dungeon Crawl Stone Soup version 0.30-a0-739-gea05faddec (webtiles) character file.

Game seed: 15718661816697069237

0 Monkooky the Sneak (level 1, -2/17 HPs)
             Began as a Vampire Delver on Feb 5, 2023.
             Was an Initiate of Kikubaaqudgha.
             Slain by an ufetubus (4 damage)
             ... on level 3 of the Dungeon.
             The game lasted 00:01:15 (280 turns).

Monkooky the Sneak (Vampire Delver)                  Turns: 280, Time: 00:01:15

Health: -2/17      AC:  3    Str: 11    XL:     1   Next: 0%
Magic:  1/1        EV: 12    Int: 12    God:    Kikubaaqudgha [......]
Gold:   0          SH:  0    Dex: 15    Spells: 0/0 levels left

rFire   . . .      SeeInvis +    a - +0 short sword
rCold   . . .      Faith    .    (no shield)
rNeg    . . .      Spirit   .    b - +0 leather armour
rPois   .          Reflect  .    (no helmet)
rElec   .          Harm     .    (no cloak)
rCorr   .          Rampage  .    (no gloves)
Will    .....                    (no boots)
Stlth   +++                      (no amulet)
HPRegen 0.42/turn                (no ring)
MPRegen 0.07/turn                (no ring)

@: healing quickly, slowed, very slow
A: alive, fangs 3, see invisible, vampiric 1
a: Exsanguinate, Renounce Religion


You were on level 3 of the Dungeon.
You worshipped Kikubaaqudgha.
Kikubaaqudgha was noncommittal.
You visited 2 branches of the dungeon, and saw 4 of its levels.

Inventory:

Hand Weapons
 a - a +0 short sword (weapon)
Armour
 b - a +0 leather armour (worn)
Wands
 g - a wand of digging (3)
Scrolls
 c - a scroll of fog
 e - a scroll of fear (quivered)
 h - a scroll of brand weapon {unknown}
Potions
 f - a potion of haste


   Skills:
 + Level 2.6 Fighting
 + Level 2.1 Short Blades
 + Level 2.1 Dodging
 + Level 7.2 Stealth


You couldn't memorise any spells.
You didn't know any spells.
Your spell library was empty.

Dungeon Overview and Level Annotations

Branches:
Dungeon (5/15)             Temple (1/1) D:5

Altars:
Cheibriados
Dithmenos
Fedhas
Gozag
Hepliaklqana
Kikubaaqudgha
Makhleb
Nemelex Xobeh
Okawaru
Trog
Uskayaw
Vehumet

Annotations:
D:4 Natasha


Innate Abilities, Weirdness & Mutations

Your natural rate of healing is accelerated.
You have razor-sharp teeth.
You have supernaturally acute eyesight. (SInv)
You are afflicted with vampirism.


Message History

A white imp comes into view.
As you read the scroll of magic mapping, it crumbles to dust.
You feel aware of your surroundings.
You sensed 5 shops/portals.
The white imp shouts!
You hear a shout!
The white imp shouts, "Escape, thou fawning sallow dingleberry!"
Something hits the demonic plant.
The demonic plant begins to die.
Something hits the demonic plant.
A giant cockroach and a hound come into view.
The ufetubus barely misses you. x2; Something hits the demonic plant. x2
The ufetubus attacks as you move away! The ufetubus hits you. x2
A white imp and 2 quasits come into view.
Found 7 gold pieces.
Found a stone staircase leading up.
Natasha hisses angrily.
An ufetubus comes into view.
The ufetubus hits you.
The ufetubus hits you but does no damage.
The ufetubus attacks as you move away! The ufetubus closely misses you.
The ufetubus hits you.
* * * LOW HITPOINT WARNING * * *
The ufetubus misses you. The ufetubus closely misses you.
Natasha stares at you and mumbles some strange words.
You feel yourself slow down.
There is a stone staircase leading up here.
The ufetubus closely misses you. The ufetubus barely misses you.
The ufetubus hits you.
* * * LOW HITPOINT WARNING * * *
The ufetubus closely misses you.
You climb upwards.
Found an escape hatch in the ceiling.
There is a stone staircase leading down here.
Read: scroll of fear
Press: ? - help, Q - select action, (/) - cycle Dir - look around, f - activate Look: an ufetubus (chance to affect: 98%)
Okay, then.
The ufetubus hits you.
* * * LOW HITPOINT WARNING * * *
The ufetubus hits you but does no damage.
The ufetubus hits you.
You die...
Kikubaaqudgha rasps: "You have failed me!
Welcome... death!"

#############.#
......5>w.....#
#.####.@###+#.#
#..........
#..........
#..J<......
#..........
#..........
##..#######
#..#


You could see a worm (asleep), an ufetubus and an endoplasm (asleep).

Vanquished Creatures (others)
  2 demonic plants (D:4)
2 creatures vanquished.

Notes
Turn   | Place    | Note
-------+----------+-------------------------------------------
     0 | D:5      | Monkooky the Vampire Delver began the quest for the Orb.
     0 | D:5      | Reached XP level 1. HP: 17/17 MP: 1/1
     7 | D:5      | Found a staircase to the Ecumenical Temple.
    17 | Temple   | Entered the Ecumenical Temple
   246 | Temple   | Became a worshipper of Kikubaaqudgha
   259 | D:5      | Noticed a necrophage
   268 | D:4      | Noticed Natasha
   268 | D:4      | Noticed a jelly
   268 | D:4      | Found an opulent altar of Gozag.
   273 | D:4      | Noticed a hound
   274 | D:4      | Noticed a quasit
   274 | D:4      | Noticed a quasit
   280 | D:3      | Slain by an ufetubus

Illustrated notes

Levels and vault maps discovered:
D:3:      layout_basic, grunt_temple_overflow_cloverleaf
D:4:      layout_rooms, nicolae_gozag_seed_capital, serial_demonic,
          serial_demonic_g, serial_demonic_c, serial_demonic_a,
          serial_demonic_d, serial_demonic_d, serial_demonic_d,
          serial_demonic_b, minmay_shop_grid_forest, minmay_circle_x,
          uniq_natasha, uniq_sigmund
D:5:      layout_gridville, temple_fountains
Temple:   compressed_dpeg_triangle_lava_temple

Action                     || total
---------------------------++-------
    Use: Scroll            ||     1
 Armour: Leather armour    ||     2
  Dodge: Dodged            ||    10

Table legend: (Time is in decaauts)
 A = Elapsed time spent in this place.
 B = Non-inter-level travel time spent in this place.
 C = Inter-level travel time spent in this place.
 D = Time resting spent in this place.
 E = Time spent auto-exploring this place.
 F = Levels seen in this place.
 G = Mean time per level.
                   A        B        C        D        E       F      G
               +--------+--------+--------+--------+--------+-----+--------+
         Total |    280 |    270 |     10 |      0 |    211 |   4 |   70.0 |
       Dungeon |     41 |     40 |      1 |      0 |      6 |   3 |   13.7 |
        Temple |    238 |    229 |      9 |      0 |    205 |   1 |  238.0 |
               +--------+--------+--------+--------+--------+-----+--------+

Top non-repeatable levels by time:
  Temple: 238 daAuts
     D:5: 29 daAuts
     D:4: 11 daAuts
     D:3: 1 daAuts
